 Dungeon Crawl Stone Soup version 0.27-a0-1612-gde56a17b89 (webtiles) character file.

Game seed: 3716404099774344544

156 Anon1729 the Insei (level 5, -4/40 (41) HPs)
             Began as a Merfolk Monk on July 21, 2021.
             Slain by a water moccasin zombie (6 damage)
             ... animated by the malice of Kikubaaqudgha
             ... on level 3 of the Dungeon.
             The game lasted 00:02:58 (3813 turns).

Anon1729 the Insei (Merfolk Monk)                   Turns: 3813, Time: 00:02:59

HP:   -4/40 (41)    AC:  2    Str: 11    XL:     5   Next: 38%
MP:   5/5           EV: 14    Int: 10    God:
Gold: 86            SH:  0    Dex: 17    Spells: 4/4 levels left

rFire    . . .     SeeInvis .     - Unarmed
rCold    . . .     Faith    .   (no shield)
rNeg     . . .     Spirit   .   a - +0 robe
rPois    .         Reflect  .   (no helmet)
rElec    .         Harm     .   (no cloak)
rCorr    .         Rampage  .   (no gloves)
Will     .....                  (no boots)
Stlth    ++........             (no amulet)
HPRegen  0.13/turn              (no ring)
MPRegen  0.09/turn              (no ring)

@: mighty, lightly drained
A: (nimble swimmer 2), mertail
a: no special abilities


You were on level 3 of the Dungeon.
You visited 1 branch of the dungeon, and saw 3 of its levels.

You collected 86 gold pieces.

Inventory:

Armour
 a - a +0 robe (worn)
Scrolls
 b - a scroll of teleportation {unknown}
 e - 2 scrolls of fog {unknown}
 f - a scroll of brand weapon {unknown}
 g - a scroll of vulnerability {unknown}
 h - a scroll of enchant weapon {unknown}
 j - a scroll of identify {unknown}
Potions
 d - a potion of flight {unknown}
 i - a potion of cancellation {unknown}


   Skills:
 - Level 3.4 Fighting
 - Level 4.2 Dodging
 - Level 2.4 Stealth
 + Level 6.2 Unarmed Combat


You had 4 spell levels left.
You didn't know any spells.
Your spell library contained the following spells:

 Spells                   Type           Power      Damage    Failure   Level
 Animate Skeleton         Necr           0%         N/A       36%         1
 Pain                     Necr           0%         1d4       36%         1
 Static Discharge         Conj/Air       0%         N/A       50%         2
 Sublimation of Blood     Necr           0%         N/A       50%         2
 Vampiric Draining        Necr           0%         2d6       75%         3
 Dispel Undead            Necr           0%         3d6       98%         4
 Sticky Flame             Conj/Fire      0%         2d3       98%         4


Dungeon Overview and Level Annotations

Branches:
Dungeon (3/15)

Altars:
Kikubaaqudgha


Innate Abilities, Weirdness & Mutations

((You are quick and stealthy near water. (Stealth+, EV+, Speed+++)))
Your lower body shifts to a powerful aquatic tail in water.


Message History

That felt strangely unrewarding.
You start resting.
You hear Kikubaaqudgha cackling.
Your body is wracked with pain!
The dead have arisen! 4 zombies come into view.
There are monsters nearby!
There are monsters nearby!
There are monsters nearby!
You barely miss the quokka zombie. You punch the two-headed ogre zombie!
The two-headed ogre zombie is lightly damaged.
The water moccasin zombie bites you.
You punch the two-headed ogre zombie!
The two-headed ogre zombie is lightly damaged.
The quokka zombie closely misses you.
The two-headed ogre zombie closely misses you.
The two-headed ogre zombie hits you.
The water moccasin zombie barely misses you.
You hit the two-headed ogre zombie.
The two-headed ogre zombie is moderately damaged.
The quokka zombie bites you but does no damage.
The water moccasin zombie bites you.
* * * LOW HITPOINT WARNING * * *
It was a potion of might.
You feel very mighty all of a sudden. The two-headed ogre zombie hits you.
* * * LOW HITPOINT WARNING * * *
The two-headed ogre zombie barely misses you.
The quokka zombie closely misses you.
The water moccasin zombie closely misses you.
You punch the two-headed ogre zombie!
The two-headed ogre zombie is moderately damaged.
The water moccasin zombie bites you but does no damage.
The quokka zombie misses you. The two-headed ogre zombie hits you.
* * * LOW HITPOINT WARNING * * *
The two-headed ogre zombie barely misses you.
You punch the two-headed ogre zombie!
The two-headed ogre zombie is heavily damaged.
The water moccasin zombie bites you.
You die...

#...#####..........(
#######.##........).......
...............##.######..
######.#.######...#..#
#####..#.# ##.#...#
.........#####......#
##....#####....###.##
##.#######..##.#ZZZ#
##.).......#...#@###
#..#####[....###Z# ...#
#...### #.# .### #..o# ..#
## #...# .## # ##..####.
##....#.# ##.....#
#o.###.#


You could see a water moccasin zombie, a quokka zombie, a scorpion zombie and a
two-headed ogre zombie.

Vanquished Creatures
  A necrophage (D:2)
  A bullfrog skeleton (D:3)
  A centaur skeleton (D:3)
  Jessica (D:3)
  An adder skeleton (D:3)
  A dart slug (D:1)
  2 orcs (D:3)
  3 bats
  3 endoplasms (D:2)
  A giant cockroach (D:3)
  4 goblins
  6 hobgoblins
  2 quokkas (D:1)
  4 ball pythons
  4 frilled lizards
  A goblin zombie (D:3)
  A human zombie (D:3)
  6 kobolds
  2 kobold zombies (D:3)
  5 rats
50 creatures vanquished.

Notes
Turn   | Place    | Note
-------+----------+-------------------------------------------
     0 | D:1      | Anon1729 the Merfolk Monk began the quest for the Orb.
     0 | D:1      | Reached XP level 1. HP: 18/18 MP: 1/1
   343 | D:1      | Reached XP level 2. HP: 24/24 MP: 2/2
  1304 | D:2      | Noticed a necrophage
  1331 | D:2      | Killed a necrophage
  1332 | D:2      | Reached skill level 5 in Unarmed Combat
  1332 | D:2      | Reached XP level 3. HP: 3/29 MP: 3/3
  1332 | D:2      | Reached XP level 4. HP: 3/35 MP: 4/4
  1697 | D:2      | Found a faded altar of an unknown god.
  2355 | D:2      | Reached XP level 5. HP: 37/37 MP: 5/5
  2732 | D:2      | Became a worshipper of Kikubaaqudgha
  2732 | D:2      | Reached * piety under Kikubaaqudgha
  2732 | D:2      | Received a gift from Kikubaaqudgha
  2732 | D:2      | Reached ** piety under Kikubaaqudgha
  2733 | D:2      | Fell from the grace of Kikubaaqudgha
  2843 | D:3      | Noticed Jessica
  2857 | D:3      | Killed Jessica
  2858 | D:3      | Reached skill level 6 in Unarmed Combat
  3033 | D:2      | HP: 1/40 [something (12)]
  3812 | D:3      | HP: 2/40 [two-headed ogre zombie[the malice of
                  | Kikubaaqudgha] (6)]
  3813 | D:3      | Slain by a water moccasin zombie

Illustrated notes

Levels and vault maps discovered:
D:1:      wheals_arrival_linesprint, layout_basic, minmay_unequal
D:2:      layout_loops_ring, shapermc_ecumenical_altar_petra, serial_bayou,
          serial_bayou_pond_b, serial_bayou_crossing, serial_bayou_shore_b,
          serial_bayou_pond_d, kennysheep_generic_room_8
D:3:      layout_rooms, uniq_jessica

Skill      XL: |  1  2  3  4  5 |
---------------+----------------+-----
Unarmed Combat | 5 6 |  6.2
Fighting       | |  3.4
Dodging        | |  4.2
Stealth        | |  2.4

Action                   |  1- 3 |  4- 6 || total
-------------------------+-------+-------++-------
Melee: Unarmed           |    57 |   126 ||   183
       Punch             |     2 |     4 ||     6
       Tailslap          |       |     1 ||     1
Invok: Renounce Religion |       |     1 ||     1
  Use: Potion            |       |     2 ||     2
 Stab: Sleeping          |     3 |     4 ||     7
Armor: Robe              |     6 |    18 ||    24
Dodge: Dodged            |    35 |    88 ||   123

Table legend: (Time is in decaauts)
 A = Elapsed time spent in this place.
 B = Non-inter-level travel time spent in this place.
 C = Inter-level travel time spent in this place.
 D = Time resting spent in this place.
 E = Time spent auto-exploring this place.
 F = Levels seen in this place.
 G = Mean time per level.
                   A        B        C        D        E       F      G
               +--------+--------+--------+--------+--------+-----+--------+
         Total |   3772 |   3566 |    206 |    668 |   2502 |   3 | 1257.3 |
       Dungeon |   3772 |   3566 |    206 |    668 |   2502 |   3 | 1257.3 |
               +--------+--------+--------+--------+--------+-----+--------+

Top non-repeatable levels by time:
     D:2: 1543 daAuts
     D:1: 1279 daAuts
     D:3: 948 daAuts
